 Dungeon Crawl Stone Soup version 0.27-a0-1312-g5cdb2b3542 (webtiles) character file.

Game seed: 3092751166037492059

1780 freelancePsychic the Destroyer (level 9, -4/54 HPs)
             Began as a Gargoyle Earth Elementalist on June 19, 2021.
             Was a Priest of Yredelemnul.
             Slain by Grum (16 damage)
             ... on level 9 of the Dungeon.
             The game lasted 00:16:02 (7733 turns).

freelancePsychic the Destroyer (GrEE)               Turns: 7733, Time: 00:16:02

Health: -4/54      AC: 10    Str: 12    XL:     9   Next: 8%
Magic:  1/21       EV: 11    Int: 19    God:    Yredelemnul [***...]
Gold:   209        SH:  0    Dex: 10    Spells: 7/12 levels left

rFire    . . .     SeeInvis .   r - +2 dagger (protect)
rCold    . . .     Faith    .   (no shield)
rNeg     + . .     Spirit   .   b - +0 robe
rPois    ∞         Reflect  .   (no helmet)
rElec    +         Harm     .   o - scarf {+Inv}
rCorr    .         Rampage  .   g - +1 pair of gloves
Will     .....                  (no boots)
Stlth    ++........             x - amulet of regeneration
HPRegen  1.18/turn              q - ring of magical power
MPRegen  0.17/turn              (no ring)

@: no status effects
A: sickness immunity, AC +6, negative energy resistance 1, electricity
resistance, torment resistance 1, petrification resistance
a: Renounce Religion, Evoke Invisibility, Recall Undead Slaves, Injury Mirror,
Animate Dead


You were on level 9 of the Dungeon.
You worshipped Yredelemnul.
Yredelemnul was most pleased with you.
You visited 1 branch of the dungeon, and saw 7 of its levels.

You collected 267 gold pieces.
You spent 58 gold pieces at shops.

Inventory:

Hand Weapons
 r - a +2 dagger of protection (weapon)
Missiles
 p - 3 atropa-tipped darts
Armour
 b - a +0 robe (worn)
 g - a +1 pair of gloves (worn)
 n - a +0 buckler
 o - a scarf of invisibility (worn)
Jewellery
 k - a ring of magical power
 q - a ring of magical power (left hand)
 x - an amulet of regeneration (around neck)
Wands
 c - a wand of flame (12)
Scrolls
 d - 2 scrolls of magic mapping
 e - a scroll of fear {unknown}
 h - 2 scrolls of immolation
 l - 2 scrolls of fog
 t - a scroll of teleportation {@r4}
 u - 3 scrolls of torment
 v - a scroll of summoning
 y - a scroll of enchant armour
 A - a scroll of vulnerability {unknown}
Potions
 a - a potion of flight {unknown}
 f - 2 potions of lignification {unknown}
 i - 4 potions of curing {unknown}
 j - 2 potions of attraction {unknown}
 m - 2 potions of heal wounds {unknown}
 s - a potion of ambrosia {unknown}
 w - 2 potions of haste {unknown}
 z - a potion of berserk rage {unknown}


   Skills:
 - Level 5.4 Fighting
 - Level 1.5 Dodging
 - Level 2.1 Stealth
 + Level 3.7 Shields
 - Level 2.2 Spellcasting
 + Level 8.1 Conjurations
 - Level 0.7 Transmutations
 - Level 6.0 Earth Magic
 - Level 3.9 Invocations


You had 7 spell levels left.
You knew the following spells:

 Your Spells              Type           Power      Damage    Failure   Level
b - Stone Arrow           Conj/Erth      58%        3d10      2%          3
c - Searing Ray           Conj           66%        3d5       1%          2

Your spell library contained the following spells:

 Spells                   Type           Power      Damage    Failure   Level
 Magic Dart               Conj           100%       1d8       1%          1
 Sandblast                Erth           50%        2d12      1%          1
 Passwall                 Tmut/Erth      12%        N/A       6%          2
 Dazzling Flash           Conj/Hex       34%        N/A       10%         3
 Fulminant Prism          Conj/Hex       8%         3d7       30%         4
 Iskenderun's Mystic Bla  Conj/Tloc      17%        2d5       30%         4
 Lee's Rapid Deconstruct  Erth           12%        3d10*     36%         5
 Petrify                  Tmut/Erth      15%        N/A       38%         4


Dungeon Overview and Level Annotations

Branches:
Dungeon (6/15)             Temple (0/1) D:4

Altars:
Ashenzari
Makhleb
Yredelemnul

Shops:
D:2 ![!

Annotations:
D:4 2 transporters, Vomitron's ghost, amateur KoHu
D:9 Grum


Innate Abilities, Weirdness & Mutations

You are immune to sickness and miasma.
Your stone body is resilient. (AC +6)
You are immune to poison.
You resist negative energy. (rN+)
You are resistant to electric shocks. (rElec)
You are resistant to unholy torment.
You are immune to petrification.


Message History

You finish channeling your searing ray.
The wolf bites you but does no damage. The wolf completely misses you.
The wolf bites you.
Grum points his finger and shouts, "Junior!
Sic 'em!"
The wolf completely misses you.
Casting: Searing Ray (safe; 1% risk of failure)
Confirm with . or Enter, or press ? or * to list all spells.
Aiming: Searing Ray (safe; 1% risk of failure)
Press: ? - help, Shift-Dir - straight line, f/p - wolf
Aim: a wolf (almost dead, 68% to hit)
The searing ray hits the wolf!
You kill the wolf!
Yredelemnul accepts your kill.
The searing ray hits the wolf.
The wolf is heavily wounded. (Press . to maintain the ray.)
The wolf barely misses you.
Grum hits you from afar with a -2 spear!
Your Conjurations skill increases to level 8!
The searing ray hits the wolf.
The wolf is severely wounded.
The searing ray hits the wolf.
The wolf is moderately wounded.
The wolf bites you but does no damage. The wolf closely misses you.
The wolf bites you but does no damage. The wolf bites you.
Grum closely misses you.
The searing ray hits the wolf.
The wolf is almost dead.
The searing ray misses the wolf.
The wolf bites you.
The wolf barely misses you. x2; Grum barely misses you.
The wolf barely misses you.
The searing ray hits the wolf!
You kill the wolf!
Yredelemnul accepts your kill.
The searing ray hits the wolf!
The wolf is heavily wounded.
You finish channeling your searing ray.
The wolf bites you!
* * * LOW HITPOINT WARNING * * *
Grum hits you from afar with a -2 spear!
You die...
Your body rises from the dead as a mindless zombie.

#.... #.[. . #...
..#####..#
.........#
.........#
........g# .
........h#######....
........h@ZZ........
..##################


You could see Grum, 2 wolves, a friendly kobold zombie and a friendly kobold
brigand zombie.

Vanquished Creatures
  A yak (D:5)
  A human (D:5)
  An orc warrior (D:5)
  A necrophage (D:6)
  An ice beast (D:6)
  A black bear (D:4)
  2 wolves (D:9)
  A phantom (D:5)
  A kobold brigand (D:9)
  A scorpion (D:4)
  A howler monkey (D:4)
  6 electric eels (D:5)
  A centaur zombie (D:6)
  A human zombie (D:5)
  2 orc priests (D:3)
  3 hounds
  3 centaur skeletons
  2 bullfrog skeletons
  3 orc wizards
  A hound skeleton (D:4)
  2 adders
  A white imp (D:5)
  3 ufetubi
  A worm (D:3)
  A dart slug (D:2)
  14 orcs
  5 ball pythons
  3 endoplasms (D:3)
  4 giant cockroaches
  7 goblins
  6 hobgoblins
  A jackal (D:5)
  4 quokkas
  7 bats
  2 frilled lizards (D:3)
  15 kobolds
  10 rats
120 creatures vanquished.

Vanquished Creatures (collateral kills)
  An orc wizard (D:3)
  A dart slug (D:4)
  An orc (D:3)
  2 endoplasms (D:3)
  A kobold (D:3)
  A ball python zombie (D:3)
7 creatures vanquished.

Vanquished Creatures (others)
  An orc priest (D:4)
  An orc (D:4)
  2 bat zombies (D:3)
  A frilled lizard zombie (D:3)
  A hound zombie (D:3)
  2 kobold zombies (D:9)
  A quokka zombie (D:3)
  A rat zombie (D:3)
  A scorpion zombie (D:4)
  4 plants (D:5)
15 creatures vanquished.

Grand Total: 142 creatures vanquished

Notes
Turn   | Place    | Note
-------+----------+-------------------------------------------
     0 | D:1      | freelancePsychic the Gargoyle Earth Elementalist began the
                  | quest for the Orb.
     0 | D:1      | Reached XP level 1. HP: 10/10 MP: 3/3
    97 | D:1      | Found a faded altar of an unknown god.
   105 | D:1      | Became a worshipper of Yredelemnul the Dark
   105 | D:1      | Reached * piety under Yredelemnul
   218 | D:1      | Reached XP level 2. HP: 15/15 MP: 1/5
   372 | D:1      | Reached skill level 1 in Conjurations
  1130 | D:1      | Reached XP level 3. HP: 19/19 MP: 4/6
  1164 | D:1      | Learned a level 3 spell: Stone Arrow
  1338 | D:2      | Found Ydob's Distillery.
  1392 | D:2      | Reached skill level 1 in Invocations
  1437 | D:2      | Found Yzidghor's Distillery.
  1878 | D:2      | Reached ** piety under Yredelemnul
  1915 | D:2      | Found Kaopacuu's Armour Shop.
  1959 | D:2      | Bought a +0 buckler for 58 gold pieces
  2000 | D:2      | Learned a level 2 spell: Searing Ray
  2242 | D:3      | Reached skill level 2 in Conjurations
  2242 | D:3      | Reached XP level 4. HP: 24/24 MP: 3/7
  2417 | D:3      | HP: 1/24 [orc (3)]
  2982 | D:3      | Reached XP level 5. HP: 22/28 MP: 1/8
  3402 | D:3      | Reached skill level 5 in Earth Magic
  3604 | D:3      | Reached skill level 3 in Conjurations
  4141 | D:4      | Reached XP level 6. HP: 27/32 MP: 9/9
  4640 | D:4      | Noticed a black bear
  4645 | D:4      | Killed a black bear
  4646 | D:4      | Reached skill level 4 in Conjurations
  4646 | D:4      | Reached XP level 7. HP: 36/36 MP: 4/10
  5263 | D:4      | Found a staircase to the Ecumenical Temple.
  5303 | D:4      | Found a transporter.
  5304 | D:4      | Noticed Vomitron's ghost (amateur KoHu)
  5304 | D:4      | Identified the +2 dire flail "Qafuidd" {antimagic, Dex+3}
  5307 | D:4      | Found a transporter.
  5407 | D:5      | Entered Level 5 of the Dungeon
  5509 | D:5      | Reached skill level 1 in Fighting
  5512 | D:5      | Reached *** piety under Yredelemnul
  6130 | D:5      | Reached skill level 5 in Conjurations
  6257 | D:5      | Noticed a human
  6259 | D:5      | Found a runed translucent door.
  6263 | D:5      | Found a basalt altar of Yredelemnul.
  6386 | D:5      | Killed a human
  6761 | D:5      | Noticed a yak
  6767 | D:5      | Killed a yak
  6768 | D:5      | Reached skill level 6 in Conjurations
  6768 | D:5      | Reached XP level 8. HP: 48/48 MP: 5/11
  7032 | D:5      | Reached skill level 5 in Fighting
  7151 | D:5      | Reached skill level 7 in Conjurations
  7298 | D:6      | Found a burning altar of Makhleb.
  7298 | D:6      | Found a broken altar of Ashenzari.
  7328 | D:6      | Reached skill level 1 in Shields
  7709 | D:6      | Received a gift from Yredelemnul (a mummy)
  7710 | D:6      | You fall into a shaft and drop 3 floors!
  7722 | D:9      | Reached XP level 9. HP: 54/54 MP: 11/12
  7725 | D:9      | Noticed Grum
  7731 | D:9      | Reached skill level 8 in Conjurations
  7733 | D:9      | Slain by Grum

Illustrated notes

Levels and vault maps discovered:
D:1:      matt_arrival_los_fun, layout_loops_ring,
          shapermc_ecumenical_altar_mp_highgroup, minivault_5,
          nrook_loot_triangle
D:2:      layout_basic, serial_shops, shop, shop, shop
D:3:      minmay_angry_zag, layout_loops_cross, kennysheep_doodads,
          amcnicky_mini_corridor_feature, chequers_serial_rivers_micro_e,
          minmay_misc_feat_four_crosses, kennysheep_big_empty_room,
          chequers_serial_rivers_micro_d, hex_medium
D:4:      layout_cave_pods, lemuel_temple_firewalk_b, gammafunk_ghost_smash
D:5:      cheibrodos_two_vegetables, layout_basic, dk_yredelemnul_ordeal,
          minmay_liquid_box
D:6:      layout_rooms, chequers_temple_overflow_statue_of_worship
D:9:      layout_irregular_city, nicolae_wu_jian_wuxing_cycle, serial_shops,
          shop_fountains, nicolae_good_shop, uniq_grum

Skill      XL: |  1  2  3  4  5  6  7  8  9 |
---------------+----------------------------+-----
Conjurations   | 1 2 3 4 6 7 8 |  8.1
Earth Magic    | 4 5 6 |  6.0
Invocations    | 1 2 3 |  3.9
Fighting       | 4 5 |  5.4
Shields        | 3 |  3.7
Dodging        | |  1.5
Stealth        | |  2.1
Spellcasting   | |  2.2
Transmutations | |  0.7

Action                   |  1- 3 |  4- 6 |  7- 9 || total
-------------------------+-------+-------+-------++-------
Melee: Unarmed           |    40 |    15 |       ||    55
       Dagger            |       |    44 |    36 ||    80
 Cast: Sandblast         |    41 |    65 |     1 ||   107
       Searing Ray       |     1 |     1 |     8 ||    10
       Stone Arrow       |       |     2 |    60 ||    62
Invok: Animate Remains   |     1 |    13 |       ||    14
       Animate Dead      |       |       |     2 ||     2
  Use: Scroll            |     2 |       |     8 ||    10
 Stab: Distracted        |       |     1 |       ||     1
       Sleeping          |       |     1 |       ||     1
Armor: Robe              |    18 |    51 |    62 ||   131
Dodge: Dodged            |    36 |    51 |    76 ||   163

Table legend: (Time is in decaauts)
 A = Elapsed time spent in this place.
 B = Non-inter-level travel time spent in this place.
 C = Inter-level travel time spent in this place.
 D = Time resting spent in this place.
 E = Time spent auto-exploring this place.
 F = Levels seen in this place.
 G = Mean time per level.
                   A        B        C        D        E       F      G
               +--------+--------+--------+--------+--------+-----+--------+
         Total |   8388 |   8098 |    290 |    739 |   6450 |   7 | 1198.3 |
       Dungeon |   8388 |   8098 |    290 |    739 |   6450 |   7 | 1198.3 |
               +--------+--------+--------+--------+--------+-----+--------+

Top non-repeatable levels by time:
     D:3: 2622 daAuts
     D:5: 1914 daAuts
     D:1: 1329 daAuts
     D:4: 1126 daAuts
     D:2: 962 daAuts
     D:6: 410 daAuts
     D:9: 22 daAuts
